 Dungeon Crawl Stone Soup version 0.20-a0-296-gf222164 (webtiles) character file.

44051 Ijustatesigmund the Severer (level 14, -4/145 HPs)
             Began as a Hill Orc Monk on Dec 13, 2016.
             Was a Priest of Beogh.
             Slain by an orc knight
             ... wielding a +0 battleaxe
              (29 damage)
             ... on level 1 of the Orcish Mines on Dec 14, 2016.
             The game lasted 01:33:13 (22934 turns).

Ijustatesigmund the Severer (Hill Orc Monk)        Turns: 22934, Time: 01:33:14

Health: -4/145     AC: 14    Str: 19    XL:     14   Next: 27%
Magic:  7/7        EV: 14    Int: 12    God:    Beogh [***...]
Gold:   1613       SH:  0    Dex: 18    Spells: 13/19 levels left

rFire  + + .     SeeInvis .     j - +8 Wrath of Trog {antimagic, *Rage}
rCold  + . .     Gourm    .     H - +0 acid dragon scales
rNeg   . . .     Faith    .     (shield currently unavailable)
rPois  .         Spirit   .     (helmet restricted)
rElec  .         Reflect  .     Q - +1 cloak
rCorr  +         Harm     .     z - +1 pair of gloves
MR     ++...     Clarity  +     b - +0 pair of boots
Stlth  ++........               M - amulet of regeneration
                                y - ring "Moesycoemm" {Wiz rF+ MR+ Str+3}
                                h - ring of protection from fire

@: no status effects
A: antennae 1, talons 1, thin skeletal structure 1, clarity, clever 1, cold
resistance 1, robust 1, evolution 1
a: Smiting, Renounce Religion


You were on level 1 of the Orcish Mines.
You worshipped Beogh.
Beogh was most pleased with you.
You were hungry.

You visited 3 branches of the dungeon, and saw 21 of its levels.
You also visited: Ossuary.

You collected 1745 gold pieces.
You spent 132 gold pieces at shops.

Inventory:

Hand Weapons
 a - a +1 hand axe
 j - the +8 Wrath of Trog (weapon) {antimagic, *Rage}
   (You acquired it on level 10 of the Dungeon)

   It reduces the magical energy of the wielder, and disrupts the spells and
   magical abilities of those hit.
   Natural abilities and divine invocations are not affected.
   It may make you go berserk in combat.
 m - a +1 war axe
 A - the cursed +0 spear of Circularity {vamp, *Contam rElec rN++ Int+2}
   (You found it on level 4 of the Dungeon)

   It inflicts no extra harm, but heals its wielder when it wounds a living foe.
   It affects your intelligence (+2).
   It insulates you from electricity.
   It greatly protects you from negative energy.
   It causes magical contamination when unequipped.
   It has a curse placed upon it.
 C - a +2 glaive of chopping
 L - a +0 morningstar
 N - a +0 halberd
Missiles
 g - 4 throwing nets (quivered)
Armour
 b - a +0 pair of boots (worn)
 e - a +2 shield
 z - a +1 pair of gloves (worn)
 H - +0 acid dragon scales (worn)
 Q - a +1 cloak (worn)
Jewellery
 h - a ring of protection from fire (left hand)
 s - an uncursed amulet of guardian spirit
 v - an uncursed ring of protection from magic
 y - the ring "Moesycoemm" (right hand) {Wiz rF+ MR+ Str+3}
   (You found it on level 4 of the Dungeon)

   [ring of wizardry]

   It improves your spell success rate.
   It affects your strength (+3).
   It protects you from fire.
   It affects your resistance to hostile enchantments.
 M - an amulet of regeneration (around neck)
Wands
 n - a wand of enslavement (13/24)
 D - a wand of random effects (34/48)
 F - a wand of iceblast (0/15)
 P - a wand of disintegration (0/24)
 T - a wand of digging (8/24)
 U - a wand of lightning (0/15)
Scrolls
 f - 7 scrolls of immolation
 i - 6 scrolls of remove curse
 r - 4 scrolls of recharging
 t - a scroll of fog
 w - 2 scrolls of amnesia
 G - 2 scrolls of fear
 R - a scroll of identify
 V - a scroll of blinking
Potions
 d - 2 potions of flight
 k - a potion of might
 l - 3 potions of lignification
 o - 4 potions of magic
 p - a potion of brilliance
 q - 2 potions of cure mutation
 x - 2 potions of curing
 J - a potion of agility
Comestibles
 c - 9 bread rations
 u - 3 meat rations


   Skills:
 + Level 14.3 Fighting
 + Level 15.1 Axes
 - Level 9.8 Armour
 - Level 4.1 Dodging
 - Level 1.5 Stealth
 - Level 8.0 Shields
 - Level 3.1 Spellcasting
 + Level 5.6 Translocations
 - Level 13.0 Invocations


You had 13 spell levels left.
You knew the following spells:

 Your Spells              Type           Power        Failure   Level  Hunger
a - Apportation           Tloc           ###.......   1%          1    #......
b - Blink                 Tloc           N/A          2%          2    ###....
c - Lesser Beckoning      Tloc           ###.......   4%          3    ###....


Dungeon Overview and Level Annotations

Branches:
Dungeon (13/15)            Temple (0/1) D:7            Lair (6/6) D:8
  Swamp (0/4) Lair:4        Snake (0/4) Lair:4          Orc (2/2) D:12
    Elf (0/3) Orc:2        Vaults (0/5) D:13
  Slime: Lair:5-6

Altars:
Dithmenos
Fedhas
Hepliaklqana
Nemelex Xobeh
Trog
Vehumet
The Shining One

Shops:
D:10 *   D:13 *   Orc:2 [*


Innate Abilities, Weirdness & Mutations

You have a pair of small antennae on your head.
You have sharp toenails.
You have a somewhat thin skeletal structure. (Dex +2, Stealth)
You possess an exceptional clarity of mind.
Your mind is acute. (Int +2)
Your flesh is cold resistant. (rC+)
You are robust. (+10% HP)
You evolve.


Message History

You slash the orc knight!
The orc knight is severely wounded.
The orc knight hits you with a battleaxe!!
* * * LOW HITPOINT WARNING * * *
The orc knight hits your orc knight with a battleaxe.
Your orc knight closely misses the orc knight.
You swap places.
The orc knight hits you with a battleaxe!
* * * LOW HITPOINT WARNING * * *
The orc knight closely misses your orc knight.
Your orc knight completely misses the orc knight.
Evoke which item? (* to show all) (? for menu, Esc to quit)
Zapping:
n - a wand of enslavement (?/24) {zapped: 2} (will waste charges)
Press: ? - help, Shift-Dir - straight line, f - orc knight
Aim: an orc knight, wielding a battleaxe and wearing a chain mail (severely wounded, unusually strong, chance to defeat MR: 28%)
The orc knight easily resists.
Evoking this partially-identified wand wasted a few charges.
The orc knight hits you with a battleaxe!!
You die...
Beogh appreciates the orc knight's killing of a heretic priest.

##.##...#......#######.(####.##
####...##.#...#.....###[.#...###
##.######..#._.ยง.........###.
### ##...#.....###.........
#....#######...........
##.......>.[.....#o..#.
##........)[...####.####
#....#.oo.....#.##....#.
###...#..@................
##.......................#.
#.................#..##...#
##.#.##..#........####...##
##########.###..## ##.## ###
#### ###


You could see an orc knight and a friendly orc knight.

Vanquished Creatures
  An orc warlord (Orc:1)
  4 hydras
  Harold (Lair:2)
  Sonja (Orc:2)
  Nergalle (D:10)
  3 skeletal warriors (D:13)
  Pikel (D:3)
  3 orc knights
  An ugly thing (D:11)
  2 orc sorcerers (Orc:2)
  A deep elf mage (D:11)
  An oklob plant (Lair:1)
  3 elephants (Lair:5)
  2 black mambas (Lair:5)
  10 spiny frogs
  2 gargoyles
  4 rime drakes
  3 komodo dragons
  3 trolls
  12 blink frogs
  9 hippogriffs
  A spriggan (D:8)
  A basilisk (Lair:3)
  2 hungry ghosts
  2 wyverns (Lair:2)
  28 yaks
  An acid dragon (D:12)
  10 water moccasins
  3 wargs
  2 nagas (Lair:4)
  12 porcupines
  20 orc warriors
  A phantom (D:13)
  2 ice beasts
  A necrophage (D:9)
  26 wolves
  7 ogres
  2 centaurs
  16 crocodiles
  5 big kobolds
  An elf zombie (Ossuary)
  12 bullfrogs
  2 wyvern zombies
  5 scorpions
  4 killer bees
  3 wights (D:7)
  4 howler monkeys
  7 crimson imps
  4 centaur zombies
  3 jellies
  3 bullfrog skeletons
  2 centaur skeletons
  2 human zombies (Ossuary)
  4 orc priests
  5 hounds
  12 orc wizards
  10 worker ants
  2 iguanas
  2 mummies (Ossuary)
  2 howler monkey skeletons (D:6)
  11 adders
  3 shadow imps
  2 oozes
  2 adder skeletons (D:4)
  2 adder zombies
  4 worms
  3 dart slugs
  8 leopard geckos
  34 orcs
  8 bats
  7 giant cockroaches
  7 goblins
  3 hobgoblins
  10 jackals
  3 quokkas
  A ball python (D:2)
  4 frilled lizards
  2 goblin zombies (Ossuary)
  10 hobgoblin zombies (Ossuary)
  A jackal skeleton (D:7)
  2 jackal zombies
  33 kobolds
  10 kobold zombies (Ossuary)
  10 orc zombies (Ossuary)
  A quokka skeleton (D:7)
  7 rats
  5 fungi
  A plant (Lair:1)
493 creatures vanquished.

Vanquished Creatures (collateral kills)
  Snorg (Orc:2)
  An orc knight (Orc:2)
  An ugly thing (D:13)
  A manticore (D:13)
  A gargoyle (D:13)
  2 trolls
  2 shadows (D:11)
  A vampire (D:13)
  A wyvern (D:12)
  5 yaks
  4 wargs (Orc:2)
  An acid dragon (D:11)
  5 orc warriors
  2 ice beasts
  2 black bears
  3 ogres
  2 bullfrogs
  A scorpion (D:11)
  An electric eel (D:12)
  A howler monkey (D:13)
  2 quasits
  2 orc wizards
  An adder (D:10)
  16 orcs
  2 kobolds (D:10)
61 creatures vanquished.

Vanquished Creatures (others)
  An orc high priest (Orc:2)
  3 orc sorcerers
  An orc knight (Orc:2)
  5 orc priests
  19 orc warriors
  A naga (Lair:4)
  3 orc wizards
  52 orcs
  2 fungi
  6 plants
93 creatures vanquished.

Grand Total: 647 creatures vanquished

Notes
Turn   | Place    | Note
-------+----------+-------------------------------------------
     0 | D:1      | Ijustatesigmund the Hill Orc Monk began the quest for the Orb.
     0 | D:1      | Reached XP level 1. HP: 19/19 MP: 1/1
   200 | D:1      | Reached XP level 2. HP: 21/27 MP: 2/2
   893 | D:2      | Reached skill level 5 in Axes
   893 | D:2      | Reached XP level 3. HP: 9/33 MP: 3/3
  1148 | D:2      | Gained mutation: You evolve. [potion of beneficial mutation]
  1485 | D:2      | Reached XP level 4. HP: 41/41 MP: 4/4
  1900 | D:3      | Reached skill level 1 in Shields
  2166 | D:3      | Reached skill level 6 in Axes
  2166 | D:3      | Reached XP level 5. HP: 45/47 MP: 5/5
  2183 | D:3      | Reached skill level 5 in Fighting
  2467 | D:4      | Noticed an orc warrior
  2483 | D:4      | Noticed Pikel
  2485 | D:4      | Noticed a slave
  2486 | D:4      | Noticed a slave
  2488 | D:4      | Noticed a slave
  2492 | D:4      | Noticed a slave
  2838 | D:3      | Gained mutation: Your flesh is cold resistant. (rC+) [evolution]
  2937 | D:5      | Entered Level 5 of the Dungeon
  2947 | D:5      | Reached XP level 6. HP: 54/56 MP: 6/6
  2963 | D:5      | Found a sand-covered staircase.
  2969 | Ossuary  | Entered an ossuary
  3314 | Ossuary  | Reached skill level 7 in Axes
  3376 | Ossuary  | Gained mutation: You have a somewhat thin skeletal structure. (Dex +2, Stealth) [potion of beneficial mutation]
  3635 | D:5      | Reached XP level 7. HP: 60/63 MP: 7/7
  3665 | D:5      | Gained mutation: Your mind is acute. (Int +2) [evolution]
  3907 | D:5      | Reached skill level 1 in Armour
  4133 | D:5      | Became a worshipper of Beogh the Brigand
  4133 | D:5      | Reached * piety under Beogh
  4133 | D:5      | Reached ** piety under Beogh
  4317 | D:5      | Reached skill level 1 in Invocations
  5011 | D:6      | Reached XP level 8. HP: 43/71 MP: 5/11
  5344 | D:6      | Found a radiant altar of Vehumet.
  5660 | D:6      | Found a blossoming altar of Fedhas.
  5821 | D:4      | Got a scintillating bronze ring
  5936 | D:3      | Killed Pikel
  5936 | D:3      | Reached skill level 5 in Armour
  6240 | D:4      | Gained mutation: You have sharp toenails. [evolution]
  6271 | D:4      | Got a jewelled spear
  6484 | D:7      | Reached XP level 9. HP: 77/77 MP: 14/14
  6669 | D:7      | Reached skill level 8 in Axes
  6843 | D:7      | Found a bloodstained altar of Trog.
  6844 | D:7      | Found a shadowy altar of Dithmenos.
  7143 | D:7      | Found a hazy altar of Hepliaklqana.
  7291 | D:7      | Found a staircase to the Ecumenical Temple.
  7576 | D:8      | Noticed a gargoyle
  7584 | D:8      | Killed a gargoyle
  7584 | D:8      | Reached skill level 9 in Axes
  7594 | D:7      | Found a glowing golden altar of the Shining One.
  7594 | D:7      | Found a sparkling altar of Nemelex Xobeh.
  7605 | D:7      | Gained mutation: Your flesh is heat resistant. (rF+) [evolution]
  8204 | D:8      | Reached skill level 10 in Axes
  8216 | D:8      | Found a staircase to the Lair.
  8237 | D:8      | Reached *** piety under Beogh
  8515 | D:8      | Reached XP level 10. HP: 68/90 MP: 14/16
  9728 | D:8      | Reached skill level 11 in Axes
 10442 | D:9      | Reached **** piety under Beogh
 10647 | D:10     | Entered Level 10 of the Dungeon
 10845 | D:10     | Identified the ring "Moesycoemm" {Wiz rF+ MR+ Str+3} (You found it on level 4 of the Dungeon)
 10848 | D:10     | Learned a level 1 spell: Apportation
 10996 | D:10     | Noticed Nergalle
 11014 | D:10     | Killed Nergalle
 11014 | D:10     | Reached skill level 10 in Fighting
 11014 | D:10     | Reached skill level 10 in Invocations
 11037 | D:10     | Found Kysat's Changing Room.
 11239 | D:10     | Identified a scroll of acquirement
 11372 | D:10     | Gained mutation: You have a pair of small antennae on your head. [evolution]
 11475 | D:11     | Reached skill level 12 in Axes
 11475 | D:11     | Reached XP level 11. HP: 100/100 MP: 18/18
 11533 | D:11     | Reached skill level 5 in Shields
 11944 | D:11     | Gained mutation: You are robust. (+10% HP) [evolution]
 12120 | D:11     | Noticed a purple ugly thing
 12136 | D:11     | Killed a purple ugly thing
 12242 | D:11     | Found a portal to a secret trove of treasure.
 12273 | D:11     | Noticed a deep elf mage
 12292 | D:11     | Killed a deep elf mage
 12525 | D:12     | Gained Garbold as an ally
 12531 | D:12     | Found a staircase to the Orcish Mines.
 12633 | D:12     | Learned a level 2 spell: Blink
 12816 | D:12     | Reached skill level 1 in Translocations
 12949 | D:12     | Noticed a cyclops
 12963 | D:13     | Your ally Garbold died
 12977 | D:13     | Found Qacveev's Assorted Antiques.
 12982 | D:13     | Bought 2 scrolls of identify for 132 gold pieces
 12982 | D:13     | Identified the cursed +0 spear of Circularity {vamp, *Contam rElec rN++ Int+2} (You found it on level 4 of the Dungeon)
 13439 | D:13     | Noticed a white ugly thing
 13450 | D:13     | Killed a white ugly thing
 13470 | D:13     | Noticed a skeletal warrior
 13470 | D:13     | Noticed a skeletal warrior
 13470 | D:13     | Noticed a skeletal warrior
 13493 | D:13     | Killed a skeletal warrior
 13494 | D:13     | Killed a skeletal warrior
 13494 | D:13     | Gained Orkrul as an ally
 13501 | D:13     | Killed a skeletal warrior
 13501 | D:13     | Reached XP level 12. HP: 23/116 MP: 10/20
 13775 | D:13     | Noticed a five-headed hydra
 13798 | D:13     | Your ally Orkrul died
 13802 | D:13     | Killed a five-headed hydra
 13882 | D:13     | Found a gate to the Vaults.
 13882 | D:13     | Noticed a vault guard
 13882 | D:13     | Noticed a vault guard
 13882 | D:13     | Noticed a vault guard
 13883 | D:13     | Noticed a vault guard
 13899 | D:13     | Noticed a vault guard
 13900 | D:13     | Noticed a vault guard
 14062 | Lair:1   | Entered Level 1 of the Lair of Beasts
 14656 | Lair:1   | Gained Warrok as an ally
 14698 | Lair:1   | Gained mutation: You are very robust. (+20% HP) [evolution]
 15094 | Lair:2   | You fall through a shaft for 2 floors!
 15474 | Lair:4   | Noticed a five-headed hydra
 15925 | Lair:2   | Noticed Harold
 15946 | Lair:2   | Killed Harold
 15958 | Lair:2   | Noticed a six-headed hydra
 15963 | Lair:2   | Killed a six-headed hydra
 15970 | Lair:2   | Reached XP level 13. HP: 120/141 MP: 12/22
 16900 | Lair:3   | Reached skill level 13 in Axes
 17567 | Lair:4   | Reached skill level 1 in Spellcasting
 17655 | Lair:4   | Found a staircase to the Snake Pit.
 17823 | Lair:4   | Lost mutation: Your flesh is heat resistant. (rF+) [evolution]
 18121 | Lair:4   | Found a staircase to the Swamp.
 18881 | Lair:5   | Reached skill level 14 in Axes
 19029 | Lair:5   | Learned a level 3 spell: Lesser Beckoning
 19189 | Lair:5   | Lost mutation: You are very robust. (+20% HP) [evolution]
 19667 | Lair:6   | Entered Level 6 of the Lair of Beasts
 20024 | Orc:1    | Entered Level 1 of the Orcish Mines
 20033 | Orc:1    | Gained Beowulf as an ally
 20164 | Orc:2    | Entered Level 2 of the Orcish Mines
 20205 | Orc:1    | Noticed an orc warlord
 20230 | Orc:1    | Your ally Beowulf died
 20445 | D:12     | Gained mutation: You possess an exceptional clarity of mind. [potion of beneficial mutation]
 20506 | Orc:1    | Killed an orc warlord
 20506 | Orc:1    | Reached XP level 14. HP: 40/143 MP: 4/23
 20508 | Orc:1    | HP: 4/143 [orc sorcerer/bolt of negative energy[an orc warlord] (18)]
 20818 | Orc:1    | Found a bloodstained altar of Trog.
 21171 | Orc:2    | Reached skill level 5 in Translocations
 21304 | Orc:2    | Noticed Snorg
 21314 | Orc:2    | Killed Snorg
 21468 | Orc:2    | Noticed Sonja
 21523 | Orc:2    | Killed Sonja
 21523 | Orc:2    | Reached skill level 15 in Axes
 21665 | Orc:2    | Found a staircase to the Elven Halls.
 22001 | Orc:1    | Upgraded the game from 0.20-a0-277-g7db01f4 to 0.20-a0-296-gf222164
 22049 | Orc:2    | Found Ofasuope's General Store.
 22049 | Orc:2    | Found Enawecva's Armour Emporium.
 22934 | Orc:1    | Slain by an orc knight

Vault maps used:
D:1:      roderic_chinese_lattice_arrival
D:4:      nrook_mini_vaults, minmay_crystal_water, bh_walls_and_bars, uniq_pikel
D:5:      first_bread, nicolae_ossuary_entry_plus, serial_bayou_pond_c
D:6:      lemuel_doored_altar, fedhas_altar_2
D:7:      nicolae_overflow_hidden_temple
D:8:      minmay_lair_entry_grove, the_bakery, lemuel_flame_loot_1
D:10:     nicolae_transmutations_shop, uniq_nergalle
D:11:     enter_trove_3, serial_bayou_pond_d, minmay_misc_feat_x
D:12:     hiddenorc2_lemuel, serial_shops, kennysheep_mini, fountainhead,
          st_stairs_4
D:13:     erik_vaults_2, serial_shops, shop_fountains,
          nicolae_trove_entry_columns
Lair:1:   minmay_lair_oklob_bushes, nicolae_quartered_pool_little,
          grunt_megastairs_3
Lair:2:   minmay_hedge_maze, uniq_harold
Lair:4:   minmay_swamp_entry_reptiles, minmay_snake_entry_guardpost_small,
          grunt_megastairs_1
Lair:6:   guppyfry_lair_end_dragon, dpeg_slime_entry_corner, roderic_batcave,
          columned_hall_lemuel, serial_bayou_shore_b
Orc:1:    trog_book
Orc:2:    st_orc_town, uniq_sonja, uniq_snorg
Ossuary:  ossuary_tomb_1

Skill      XL: |  1  2  3  4  5  6  7  8  9 10 11 12 13 14 |
---------------+-------------------------------------------+-----
Fighting       | 4 5 6 8 10 12 13 14 | 14.3
Axes           | 5 6 7 10 12 14 15 | 15.1
Shields        | 1 2 3 4 6 7 8 |  8.0
Armour         | 3 6 7 8 9 |  9.8
Invocations    | 4 7 8 10 11 13 | 13.0
Dodging        | 4 |  4.1
Translocations | 3 4 5 |  5.6
Spellcasting   | 3 |  3.1
Stealth        | |  1.5

Action                   |  1- 3 |  4- 6 |  7- 9 | 10-12 | 13-15 || total
-------------------------+-------+-------+-------+-------+-------++-------
Melee: Hand axe          |   118 |   357 |   639 |    58 |       ||  1172
       War axe           |       |       |       |   727 |   512 ||  1239
       Battleaxe         |       |       |       |       |   143 ||   143
 Cast: Apportation       |       |       |       |     2 |     1 ||     3
       Blink             |       |       |       |     1 |     4 ||     5
Invok: Convert to Beogh  |       |       |     1 |       |       ||     1
       Smiting           |       |       |     5 |    22 |    13 ||    40
       Recall Orcish Fol |       |       |       |     1 |       ||     1
Evoke: Wand              |       |       |       |     5 |     8 ||    13
  Use: Scroll            |     9 |     6 |     6 |    14 |     6 ||    41
       Potion            |     1 |     3 |     3 |     4 |     5 ||    16
 Stab: Sleeping          |     3 |     1 |     4 |     8 |     4 ||    20
       Invisible         |       |    15 |       |       |       ||    15
       Distracted        |       |       |     1 |     4 |     1 ||     6
       Paralysed         |       |       |       |       |     1 ||     1
  Eat: Chunk             |     2 |     3 |     5 |     7 |     5 ||    22
       Beef jerky        |       |     1 |     3 |       |     1 ||     5
       Bread ration      |       |     1 |     1 |     4 |     3 ||     9
       Pizza             |       |       |     1 |       |     1 ||     2
       Meat ration       |       |       |       |       |     1 ||     1
Armor: Robe              |    15 |       |       |       |       ||    15
       Ring mail         |    22 |    73 |   104 |       |       ||   199
       Chain mail        |       |       |    81 |   132 |       ||   213
       Acid dragon scale |       |       |       |   129 |   172 ||   301
Dodge: Dodged            |    61 |    86 |   128 |   248 |   333 ||   856
Block: Shield            |    21 |   172 |   320 |   438 |   320 ||  1271
